 Dungeon Crawl Stone Soup version 0.25.0-9-g26727b6 (webtiles) character file.

Game seed: 5731614571429058945

2849 wrhowe the Covered (level 9, -3/68 HPs)
             Began as a Demonspawn Abyssal Knight on June 16, 2020.
             Was an Elder of Lugonu.
             Slain by a two-headed ogre
             ... wielding a +0 giant club
              (7 damage)
             ... on level 8 of the Dungeon.
             The game lasted 00:56:28 (5293 turns).

wrhowe the Covered (Demonspawn Abyssal Knight)      Turns: 5293, Time: 00:56:28

Health: -3/68      AC: 20    Str: 16    XL:     9   Next: 46%
Magic:  10/10      EV:  8    Int: 13    God:    Lugonu [****..]
Gold:   192        SH:  0    Dex: 13    Spells: 8/8 levels left

rFire    + + .     SeeInvis .   s - +6 bardiche "Spiderslayer" {chaos, *Rage +Fly rElec}
rCold    + + .     Gourm    .   (shield currently unavailable)
rNeg     . . .     Faith    .   d - +0 chain mail
rPois    .         Spirit   .   (no helmet)
rElec    +         Reflect  .   q - scarf {rC+ rF+}
rCorr    .         Harm     .   (no gloves)
MR       .....     Rnd*Rage +   g - +0 pair of boots of the Spheres {rElec rF+ rC+ Regen+}
Stlth    ..........             (no amulet)
HPRegen  0.61/turn              (no ring)
MPRegen  0.12/turn              (no ring)

@: sanguine armour, stab
A: claws 1, sanguine armour 2
a: Depart the Abyss, Bend Space, Banish, Corrupt, Renounce Religion, Evoke
Flight


You were on level 8 of the Dungeon.
You worshipped Lugonu.
Lugonu was greatly pleased with you.
You were not hungry.

You visited 2 branches of the dungeon, and saw 9 of its levels.
You visited the Abyss 1 time.

You collected 395 gold pieces.
You spent 203 gold pieces at shops.

Inventory:

Hand Weapons
 a - a +1 hand axe
 s - the +6 bardiche "Spiderslayer" (weapon) {chaos, *Rage +Fly rElec}
   (You acquired it on level 5 of the Dungeon)

   Each time it hits an enemy it has a different, random effect.
   It insulates you from electricity.
   It lets you fly.
   It may make you go berserk in combat.
 v - a +0 morningstar of holy wrath
Missiles
 p - 7 boomerangs (quivered)
 t - 34 poisoned darts
 u - 5 curare-tipped darts
 x - 5 atropa-tipped darts
Armour
 b - a +0 leather armour
 d - a +0 chain mail (worn)
 g - the +0 pair of boots of the Spheres (worn) {rElec rF+ rC+ Regen+}
   (You acquired it on level 5 of the Dungeon)

   It protects you from fire.
   It protects you from cold.
   It insulates you from electricity.
   It increases your rate of regeneration.
 q - a scarf of resistance (worn)
 w - a +0 ring mail of poison resistance
 A - a +2 pair of gloves
Wands
 i - a wand of polymorph (6)
 r - a wand of disintegration (12)
 z - a wand of enslavement (8)
Scrolls
 e - 6 scrolls of teleportation
 y - 2 scrolls of remove curse
 B - a scroll of fog
 C - a scroll of magic mapping {unknown}
Potions
 h - a potion of degeneration {unknown}
 j - a potion of invisibility
 k - 3 potions of haste
 l - a potion of heal wounds
 m - a potion of flight {unknown}
 n - a potion of mutation
 o - a potion of might
 D - a potion of lignification {unknown}
Comestibles
 c - 14 rations
 E - 3 chunks of flesh


   Skills:
 + Level 5.0 Fighting
 * Level 6.0(7.1) Axes
 * Level 5.8(7.0) Polearms
 * Level 4.4 Throwing
 * Level 6.1 Armour
 + Level 2.1 Dodging
 + Level 0.3 Stealth
 + Level 2.4 Invocations


You had 8 spell levels left.
You didn't know any spells.
Your spell library was empty.

Dungeon Overview and Level Annotations

Branches:
Dungeon (8/15)             Temple (1/1) D:6
   Lair: D:8-11

Altars:
Cheibriados
Dithmenos
Elyvilon
Fedhas
Gozag
Hepliaklqana
Makhleb
Nemelex Xobeh
Okawaru
Qazlal
Sif Muna
Trog
Uskayaw
Vehumet
Wu Jian
Xom
Yredelemnul

Shops:
D:6 *

Annotations:
D:4 1 runed translucent door, TigOlBitties's ghost, amateur DEVM
D:5 1 runed translucent door
Abyss:1 Prince Ribbit


Innate Abilities, Weirdness & Mutations

You have sharp fingernails.
When seriously injured, your bleeding wounds create thick armour. (AC +9)


Message History

The two-headed ogre is heavily wounded.
Your blood armour dries and flakes away.
The hound barks!
The two-headed ogre hits you with a +0 giant club!
Your blood congeals into armour.
The two-headed ogre closely misses you.
The two-headed ogre hits you with a +0 giant club!!
* * * LOW HITPOINT WARNING * * *
The two-headed ogre hits you but does no damage.
You feel ready to backstab. The hound barely misses you.
The hound bites you but does no damage.
You barely miss the two-headed ogre.
The two-headed ogre is severely wounded.
The hound bites you but does no damage.
The two-headed ogre hits you but does no damage.
The two-headed ogre hits you with a +0 giant club!
* * * LOW HITPOINT WARNING * * *
The hound bites you.
* * * LOW HITPOINT WARNING * * *
The two-headed ogre hits you with a +0 giant club!
You die...

.. ..# .#
... .#
... .#..#
###.#..#
#......#
#......#
#O@[...#
#.h....#
#......#
.......#
...##.#/#
###. .#.#
#. .# .
#. .# #


You could see a two-headed ogre (very poisoned) and a hound.

Vanquished Creatures
  A hippogriff (D:7)
  A human (D:7)
  4 hogs (D:7)
  Menkaure (D:6)
  2 orc warriors
  2 phantoms
  A sky beast (D:7)
  A hornet zombie (D:6)
  2 centaurs
  2 bullfrogs (D:7)
  A gnoll sergeant (D:7)
  2 scorpions
  4 wights (D:7)
  A howler monkey (D:4)
  A crimson imp (D:7)
  A jelly (D:5)
  2 orc priests
  An iguana (D:7)
  3 orc wizards
  5 worker ants
  A killer bee zombie (D:7)
  A hound zombie (D:7)
  A gnoll (D:7)
  4 adders
  4 shadow imps
  5 worms
  A dart slug (D:1)
  A leopard gecko (D:6)
  26 orcs
  6 bats
  7 giant cockroaches
  7 goblins
  11 hobgoblins
  4 jackals (D:3)
  A quokka (D:4)
  3 ball pythons
  4 frilled lizards
  A jackal skeleton (D:5)
  3 kobolds
  A leopard gecko skeleton (D:4)
  7 rats
137 creatures vanquished.

Vanquished Creatures (others)
  A crimson imp (D:6)
  2 withered plants (D:4)
3 creatures vanquished.

Grand Total: 140 creatures vanquished

Notes
Turn   | Place    | Note
-------+----------+-------------------------------------------
     0 | Abyss:1  | wrhowe the Demonspawn Abyssal Knight began the quest for
                  | the Orb.
     0 | Abyss:1  | Reached XP level 1. HP: 18/18 MP: 2/2
     2 | Abyss:1  | Found a corrupted altar of Lugonu.
    56 | Abyss:1  | Noticed a ynoxinul
    66 | D:1      | Escaped the Abyss
   224 | D:1      | Reached * piety under Lugonu
   237 | D:1      | Gained mutation: When seriously injured, your bleeding
                  | wounds create armour. (AC +9) [demonic ancestry]
   237 | D:1      | Reached XP level 2. HP: 16/24 MP: 3/3
   240 | D:1      | Reached skill level 1 in Dodging
   686 | D:2      | Gained mutation: You have sharp fingernails. [demonic
                  | ancestry]
   686 | D:2      | Reached XP level 3. HP: 25/29 MP: 4/4
  1197 | D:2      | Found a shimmering altar of Xom.
  1198 | D:2      | Reached ** piety under Lugonu
  1396 | D:3      | Reached XP level 4. HP: 21/35 MP: 5/5
  1686 | D:3      | Reached XP level 5. HP: 11/42 MP: 6/6
  1906 | D:4      | Found a runed translucent door.
  1906 | D:4      | Noticed TigOlBitties's ghost (amateur DEVM)
  2298 | D:4      | Reached *** piety under Lugonu
  2310 | D:4      | Gained mutation: When seriously injured, your bleeding
                  | wounds create thick armour. (AC +9) [demonic ancestry]
  2310 | D:4      | Reached XP level 6. HP: 16/48 MP: 7/7
  2613 | D:4      | Reached skill level 1 in Throwing
  2617 | D:5      | Entered Level 5 of the Dungeon
  2826 | D:5      | Found a runed translucent door.
  2826 | D:5      | Noticed a human
  3011 | D:5      | Found a basalt altar of Yredelemnul.
  3114 | D:5      | Reached XP level 7. HP: 36/54 MP: 8/8
  3376 | D:5      | Identified 2 scrolls of acquirement
  3377 | D:5      | Got the +0 pair of boots of the Spheres {rElec rF+ rC+
                  | Regen+}
  3385 | D:5      | Got the +6 bardiche "Spiderslayer" {chaos, *Rage +Fly
                  | rElec}
  3407 | D:6      | Found Uxan's Assorted Antiques.
  3410 | D:6      | Bought a glowing ring mail for 203 gold pieces
  3551 | D:6      | Found a blossoming altar of Fedhas.
  3562 | D:6      | Noticed Menkaure
  3573 | D:6      | Killed Menkaure
  3573 | D:6      | Reached skill level 1 in Polearms
  3611 | D:6      | Found a staircase to the Ecumenical Temple.
  3627 | Temple   | Entered the Ecumenical Temple
  3738 | D:6      | Noticed Prince Ribbit
  3757 | D:6      | Banished Prince Ribbit
  3757 | D:6      | Reached skill level 5 in Axes
  3757 | D:6      | Reached XP level 8. HP: 61/61 MP: 9/9
  3793 | D:6      | Found a basalt altar of Yredelemnul.
  4337 | D:7      | Reached skill level 5 in Armour
  4373 | D:7      | Reached **** piety under Lugonu
  4577 | D:7      | Noticed a hippogriff
  4581 | D:7      | Killed a hippogriff
  4913 | D:7      | Reached XP level 9. HP: 67/67 MP: 10/10
  4976 | D:7      | Found a radiant altar of Vehumet.
  5040 | D:7      | Reached skill level 5 in Polearms
  5276 | D:8      | Reached skill level 5 in Fighting
  5277 | D:8      | Noticed a two-headed ogre
  5293 | D:8      | Slain by a two-headed ogre

Illustrated notes

Levels and vault maps discovered:
D:1:      dpeg_arrival_arbitrary_a, layout_rooms, st_stairs_1
D:2:      layout_basic, old_standard_altar, serial_bayou_lagoon_a
D:3:      layout_basic, grunt_temple_overflow_growth_and_decay, first_ration,
          serial_bayou_crossing
D:4:      layout_loops_corners, gammafunk_ghost_grave
D:5:      layout_loops_ring, dk_yredelemnul_ordeal
D:6:      layout_loops_ring, kennysheep_little_box,
          minmay_temple_entry_mini_moons, serial_shops,
          nicolae_shop_behind_doors, fedhas_ov_isle_minmay, uniq_menkaure,
          uniq_prince_ribbit1
D:7:      kb_forest_paths, layout_basic, marbit_many_paths, grunt_livestock
D:8:      layout_loops_ring, uniq_maggie
Temple:   dshaligram_water_room_temple

Skill      XL: |  1  2  3  4  5  6  7  8  9 |
---------------+----------------------------+-----
Axes           | 2 3 4 5 6 |  6.0
Dodging        | 1 2 |  2.1
Armour         | 2 3 4 5 6 |  6.1
Throwing       | 2 3 4 |  4.4
Fighting       | 4 5 |  5.0
Polearms       | 2 4 5 |  5.8
Stealth        | |  0.3
Invocations    | |  2.4

Action                   |  1- 3 |  4- 6 |  7- 9 || total
-------------------------+-------+-------+-------++-------
Melee: Hand axe          |   135 |   202 |     9 ||   346
       Bardiche          |       |       |   165 ||   165
Throw: Boomerang         |       |    36 |    49 ||    85
Invok: Depart the Abyss  |     1 |       |       ||     1
  Use: Scroll            |     2 |     2 |     8 ||    12
       Potion            |       |     3 |     1 ||     4
  Eat: Chunk             |     2 |     2 |     1 ||     5
       Ration            |       |     1 |     2 ||     3
Armor: Leather armour    |    22 |       |       ||    22
       Chain mail        |    53 |   117 |    57 ||   227
       Ring mail         |       |       |    50 ||    50
Dodge: Dodged            |    57 |    59 |   108 ||   224
